 Dungeon Crawl Stone Soup version 0.28-a0-627-g4e9751bbfc (webtiles) character file.

Game seed: 9747762145479585114

26 Johnny the Chiller (level 2, -2/23 HPs)
             Began as a Draconian Ice Elementalist on Oct 8, 2021.
             Killed by divine providence
             ... invoked by an orc priest
              (10 damage)
             ... on level 2 of the Dungeon.
             The game lasted 00:01:16 (1187 turns).

Johnny the Chiller (Draconian Ice Elementalist)     Turns: 1187, Time: 00:01:17

Health: -2/23      AC:  4    Str: 10    XL:     2   Next: 89%
Magic:  2/5        EV: 12    Int: 15    God:
Gold:   52         SH:  0    Dex: 11    Spells: 4/5 levels left

rFire   . . .      SeeInvis .   b - +0 mace
rCold   . . .      Faith    .   (no shield)
rNeg    . . .      Spirit   .   (armour unavailable)
rPois   .          Reflect  .   (helmet restricted)
rElec   .          Harm     .   (no cloak)
rCorr   .          Rampage  .   (no gloves)
Will    .....                   (no boots)
Stlth   ++........              (no amulet)
HPRegen 0.07/turn               (no ring)
MPRegen 0.09/turn               (no ring)

@: no status effects
A: AC +4, unfitting armour, cold-blooded
a: no special abilities


You were on level 2 of the Dungeon.
You visited 1 branch of the dungeon, and saw 3 of its levels.

You collected 74 gold pieces.
You spent 22 gold pieces at shops.

Inventory:

Hand Weapons
 b - a +0 mace (weapon)
Magical Staves
 d - a staff of conjuration
Scrolls
 c - 5 scrolls of teleportation
 e - a scroll of magic mapping
 g - a scroll of acquirement {unknown}
Potions
 a - a potion of curing
 f - a potion of flight


   Skills:
 + Level 1.4 Fighting
 - Level 1.7 Dodging
 - Level 1.7 Stealth
 + Level 2.4 Spellcasting
 + Level 4.3 Ice Magic


You had 4 spell levels left.
You knew the following spells:

 Your Spells              Type           Power      Damage    Failure   Level
a - Freeze                Ice            56%        1d7       3%          1

Your spell library contained the following spells:

 Spells                   Type           Power      Damage    Failure   Level
 Frozen Ramparts          Ice            28%        1d4       11%         3
 Ozocubu's Armour         Ice            14%        N/A       11%         3
 Sandblast                Erth           2%         2d4       22%         1
 Passwall                 Tmut/Erth      0%         N/A       32%         2
 Stone Arrow              Conj/Erth      2%         3d7       54%         3
 Hailstorm                Conj/Ice       8%         3d4       65%         4


Dungeon Overview and Level Annotations

Branches:
Dungeon (3/15)

Altars:

Shops:
D:1 *?


Innate Abilities, Weirdness & Mutations

Your plain brown scales are hard. (AC +4)
You cannot fit into any form of body armour.
You are cold-blooded and may be slowed by cold attacks.


Message History

You kill the rat!
Casting: Freeze (safe; 3% risk of failure)
Confirm with . or Enter, or press ? or * to list all spells.
You can't see any susceptible monsters within range! (Use Z to cast anyway.)
Casting: Freeze (safe; 3% risk of failure)
Confirm with . or Enter, or press ? or * to list all spells.
You can't see any susceptible monsters within range! (Use Z to cast anyway.)
There is a stone staircase leading down here.
The endoplasm barely misses you.
You climb downwards.
The orc wizard shouts!
The orc priest shouts!
There is a stone staircase leading up here.
Casting: Freeze (safe; 3% risk of failure)
Confirm with . or Enter, or press ? or * to list all spells.
Aiming: Freeze (safe; 3% risk of failure)
Press: ? - help, Shift-Dir - straight line, f - orc wizard
Aim: an orc wizard, wielding a +0 dagger and wearing a +0 robe You freeze the orc wizard.
The orc wizard is heavily wounded.
The orc shouts!
The endoplasm freezes you.
You are frozen.
You feel yourself slow down.
The orc wizard hits you with a +0 dagger.
The orc hits you with a +0 short sword.
Unknown command.
You feel yourself speed up. The endoplasm hits you. The orc misses you.
The orc priest hits you with a +1 short sword of protection.
The orc wizard closely misses you. The orc closely misses you.
You climb upwards.
There is a stone staircase leading down here.
The endoplasm closely misses you.
The orc wizard hits you with a +0 dagger.
The orc hits you but does no damage.
Okay, then.
Okay, then.
The orc wizard closely misses you.
The orc priest calls down the wrath of Beogh upon you.
Beogh smites you!
You die...

##...## ##.....## ##.......##
##..⌠.⌠....## #............
#.o.....⌠.# ###oo†.>....#
#.J#.o.....#..#
###@###.....## #...# #######.
#### #.### #.. #...## #.# #.#
#.#..###.# #.# #####
#.##.....### #.###....
###..†..........#####[##.....
#......########.......#......
#.......### #..........


You could see an orc priest, an orc wizard, an orc and an endoplasm.

Vanquished Creatures
  3 ball pythons
  An endoplasm (D:2)
  3 goblins (D:1)
  2 hobgoblins (D:2)
  4 jackals (D:1)
  3 quokkas
  3 frilled lizards
  6 rats
25 creatures vanquished.

Notes
Turn   | Place    | Note
-------+----------+-------------------------------------------
     0 | D:1      | Johnny the Draconian Ice Elementalist began the quest for
                  | the Orb.
     0 | D:1      | Reached XP level 1. HP: 14/14 MP: 3/3
   154 | D:1      | Reached XP level 2. HP: 22/22 MP: 0/5
   160 | D:1      | Reached skill level 1 in Fighting
   433 | D:1      | Found Guf Nuum's Magic Scroll Shop.
   441 | D:1      | Bought a scroll of identify for 22 gold pieces
   595 | D:1      | Found Xary's Assorted Antiques.
  1130 | D:2      | Noticed an ogre
  1187 | D:2      | Killed from afar by an orc priest

Illustrated notes

Levels and vault maps discovered:
D:1:      tarquinn_simple_flora_water_b, layout_basic, serial_shops, shop,
          nicolae_shop_trees, patterned_corridor
D:2:      layout_rooms, grunt_ministairs_9, kennysheep_generic_room_12
D:3:      minmay_angry_zag, layout_loops_cross, shapermc_ecumenical_altar_ellora

Skill      XL: |  1  2 |
---------------+-------+-----
Fighting       | 1 |  1.4
Dodging        | |  1.7
Stealth        | |  1.7
Spellcasting   | |  2.4
Ice Magic      | |  4.3

Action                   || total
-------------------------++-------
Melee: Mace              ||    47
       Tailslap          ||     7
       Unarmed           ||     1
 Cast: Freeze            ||    12
  Use: Scroll            ||     4
 Stab: Sleeping          ||     1
Armor: Skin              ||    18
Dodge: Dodged            ||    55

Table legend: (Time is in decaauts)
 A = Elapsed time spent in this place.
 B = Non-inter-level travel time spent in this place.
 C = Inter-level travel time spent in this place.
 D = Time resting spent in this place.
 E = Time spent auto-exploring this place.
 F = Levels seen in this place.
 G = Mean time per level.
                   A        B        C        D        E       F      G
               +--------+--------+--------+--------+--------+-----+--------+
         Total |   1207 |   1184 |     23 |     39 |    917 |   3 |  402.3 |
       Dungeon |   1207 |   1184 |     23 |     39 |    917 |   3 |  402.3 |
               +--------+--------+--------+--------+--------+-----+--------+

Top non-repeatable levels by time:
     D:1: 794 daAuts
     D:2: 409 daAuts
     D:3: 3 daAuts
